 Dungeon Crawl Stone Soup version 0.26-a0-778-g3fe0686644 (webtiles) character file.

Game seed: 15260987490068801068

622 FieryCelt13 the Chopper (level 7, -1/60 HPs)
             Began as a Hill Orc Fighter on Nov 10, 2020.
             Slain by a gnoll
             ... wielding a +0 club
              (7 damage)
             ... on level 4 of the Dungeon.
             The game lasted 00:06:34 (2816 turns).

FieryCelt13 the Chopper (Hill Orc Fighter)          Turns: 2816, Time: 00:06:35

Health: -1/60      AC:  7    Str: 21    XL:     7   Next: 46%
Magic:  7/7        EV:  8    Int:  8    God:
Gold:   193        SH:  9    Dex: 10    Spells: 6/6 levels left

rFire    . . .     SeeInvis .   a - +0 war axe
rCold    . . .     Faith    .   c - +0 kite shield
rNeg     . . .     Spirit   .   b - +0 scale mail
rPois    .         Reflect  .   (no helmet)
rElec    .         Harm     .   (no cloak)
rCorr    .         Rampage  .   (no gloves)
MR       .....                  (no boots)
Stlth    ..........             (no amulet)
HPRegen  0.20/turn              (no ring)
MPRegen  0.10/turn              (no ring)

@: no status effects
A: no striking features
a: no special abilities


You were on level 4 of the Dungeon.
You visited 2 branches of the dungeon, and saw 6 of its levels.

You collected 193 gold pieces.

Inventory:

Hand Weapons
 a - a +0 war axe (weapon)
Armour
 b - a +0 scale mail (worn)
 c - a +0 kite shield (worn)
 i - a +1 pair of gloves
Jewellery
 g - a cursed ring of attention {unknown}
 r - a cursed amulet of inaccuracy {unknown}
 s - an uncursed amulet of reflection {unknown}
 t - an uncursed ring of magical power {unknown}
Scrolls
 e - 4 scrolls of teleportation {unknown}
 f - a scroll of blinking {unknown}
 h - a scroll of enchant armour {unknown}
 j - 6 scrolls of identify {unknown}
 l - a scroll of fog {unknown}
 n - 3 scrolls of remove curse {unknown}
 p - 2 scrolls of magic mapping {unknown}
Potions
 d - a potion of might
 k - 3 potions of lignification {unknown}
 m - a potion of flight {unknown}
 o - a potion of magic {unknown}
 q - 2 potions of cancellation {unknown}


   Skills:
 + Level 4.8 Fighting
 + Level 7.1 Axes
 + Level 5.2 Armour
 + Level 1.2 Dodging
 + Level 0.1 Stealth
 + Level 4.8 Shields


You had 6 spell levels left.
You didn't know any spells.
Your spell library contained the following spells:

 Spells                   Type           Power        Failure   Level
 Summon Small Mammal      Summ           #...         99%         1
 Call Imp                 Summ           #.......     99%         2
 Call Canine Familiar     Summ           #.......     100%        3
 Summon Guardian Golem    Hex/Summ       #.......     100%        3
 Summon Ice Beast         Ice/Summ       #.......     100%        4
 Summon Lightning Spire   Summ/Air       #.......     100%        4


Dungeon Overview and Level Annotations

Branches:
Dungeon (5/15)             Temple (1/1) D:4

Altars:
Cheibriados
Elyvilon
Hepliaklqana
Kikubaaqudgha
Okawaru
Qazlal
Sif Muna
Uskayaw
Vehumet
Wu Jian
Yredelemnul
Zin
The Shining One


Message History

You are too injured to fight recklessly!
You are too injured to fight recklessly!
You are too injured to fight recklessly!
You are too injured to fight recklessly!
You are too injured to fight recklessly!
You are too injured to fight recklessly!
You are too injured to fight recklessly!
You are too injured to fight recklessly!
You barely miss the worm. You closely miss the gnoll.
You block the gnoll's attack.
You slash the worm!
The worm is severely wounded.
You hit the gnoll. The gnoll hits you but does no damage. The worm bites you.
* * * LOW HITPOINT WARNING * * *
The gnoll hits you but does no damage.
You hit the worm.
The worm is almost dead.
You closely miss the gnoll. You block the worm's attack.
The gnoll hits you with a +0 club!
You die...

# ... #........#..#.
#.#[... #........#.#..
#.#.... #........##...
....._ ....###...####..
.#.... ..#.............
#.... ..#.............
... #.............
#.####.####...........#.
......w@ggg......####.#.
..#....#####.....####.#.
.................#....#.
.................#.####.
................##.####.
.................g......
........................
....###..............(..
#.................


You could see a worm and 3 gnolls.

Vanquished Creatures
  Sigmund (D:2)
  A water moccasin (D:5)
  A howler monkey (D:3)
  A vampire bat (D:2)
  A hound (D:5)
  An orc wizard (D:4)
  A bullfrog skeleton (D:4)
  A hound skeleton (D:3)
  5 gnolls (D:4)
  4 adders (D:2)
  An ufetubus (D:5)
  An ooze (D:2)
  A worm (D:4)
  2 dart slugs
  4 leopard geckos
  4 orcs (D:4)
  2 ball pythons
  A bat skeleton (D:2)
  5 bat zombies (D:2)
  5 giant cockroaches
  6 goblins
  4 hobgoblins
  A jackal (D:5)
  3 quokkas
  5 bats
  7 frilled lizards
  6 kobolds
  8 rats
83 creatures vanquished.

Notes
Turn   | Place    | Note
-------+----------+-------------------------------------------
     0 | D:1      | FieryCelt13 the Hill Orc Fighter began the quest for the
                  | Orb.
     0 | D:1      | Reached XP level 1. HP: 19/19 MP: 1/1
    64 | D:1      | Reached XP level 2. HP: 19/27 MP: 2/2
   276 | D:1      | Reached skill level 3 in Axes
   607 | D:1      | Reached XP level 3. HP: 33/33 MP: 3/3
   742 | D:2      | Found a faded altar of an unknown god.
   906 | D:2      | Noticed a +0 hand axe
   907 | D:2      | Noticed a +0 hand axe
   910 | D:2      | Found a hide-covered altar of Uskayaw.
  1024 | D:2      | Reached XP level 4. HP: 36/40 MP: 4/4
  1100 | D:2      | Noticed Sigmund
  1112 | D:2      | Killed Sigmund
  1112 | D:2      | Reached skill level 5 in Axes
  1112 | D:2      | Reached skill level 1 in Dodging
  1112 | D:2      | Reached XP level 5. HP: 26/47 MP: 5/5
  1112 | D:2      | Reached XP level 6. HP: 29/53 MP: 6/6
  1446 | D:2      | Found an ancient bone altar of Kikubaaqudgha.
  1979 | D:3      | You fall into a shaft and drop 2 floors!
  1979 | D:5      | Entered Level 5 of the Dungeon
  2007 | D:5      | Noticed a water moccasin
  2015 | D:5      | Killed a water moccasin
  2015 | D:5      | Reached skill level 6 in Axes
  2015 | D:5      | Reached XP level 7. HP: 51/60 MP: 7/7
  2246 | D:4      | Reached skill level 5 in Armour
  2305 | D:4      | Found a hazy altar of Hepliaklqana.
  2315 | D:4      | Found a staircase to the Ecumenical Temple.
  2341 | Temple   | Entered the Ecumenical Temple
  2773 | D:4      | Reached skill level 7 in Axes
  2784 | D:4      | HP: 3/60 [gnoll/cursed -3 spear (3)]
  2816 | D:4      | Slain by a gnoll

Illustrated notes

Levels and vault maps discovered:
D:1:      lemuel_arrival_lava_pool, layout_loops_ring
D:2:      layout_basic, kennysheep_vampire_church, dancing_weapons_uskayaw,
          chequers_ecumenical_altar_simple_redux, uniq_sigmund
D:3:      layout_basic, kennysheep_pointless_box, minmay_box_of_dots
D:4:      minmay_opposing_rooms, layout_basic, old_standard_altar,
          kennysheep_mini_moat, minmay_temple_entry_offerings, serial_shops,
          nicolae_shop_overgrown_old_shop, shop, shop, nicolae_shop_stone,
          hangedman_decor_diamond_cutter, roderic_lattice_a
D:5:      layout_loops_ring, gammafunk_temple_overflow_pools,
          lightli_temple_of_fire, portal_sewer_entry_d, minmay_small_thing
Temple:   dpeg_chambers_temple

Skill      XL: |  1  2  3  4  5  6  7 |
---------------+----------------------+-----
Axes           | 3 5 6 7 |  7.1
Fighting       | 4 |  4.8
Shields        | 4 |  4.8
Armour         | 4 5 |  5.2
Dodging        | 1 |  1.2
Stealth        | |  0.1

Action                   |  1- 3 |  4- 6 |  7- 9 || total
-------------------------+-------+-------+-------++-------
Melee: War axe           |   103 |    80 |    59 ||   242
 Stab: Distracted        |       |       |     1 ||     1
Armor: Scale mail        |    43 |    37 |    21 ||   101
Dodge: Dodged            |    33 |    32 |    24 ||    89
Block: Kite shield       |    60 |    42 |    30 ||   132

Table legend: (Time is in decaauts)
 A = Elapsed time spent in this place.
 B = Non-inter-level travel time spent in this place.
 C = Inter-level travel time spent in this place.
 D = Time resting spent in this place.
 E = Time spent auto-exploring this place.
 F = Levels seen in this place.
 G = Mean time per level.
                   A        B        C        D        E       F      G
               +--------+--------+--------+--------+--------+-----+--------+
         Total |   2896 |   2782 |    114 |    100 |   2008 |   6 |  482.7 |
       Dungeon |   2513 |   2408 |    105 |    100 |   1636 |   5 |  502.6 |
        Temple |    382 |    373 |      9 |      0 |    372 |   1 |  382.0 |
               +--------+--------+--------+--------+--------+-----+--------+

Top non-repeatable levels by time:
     D:2: 975 daAuts
     D:1: 736 daAuts
  Temple: 382 daAuts
     D:3: 333 daAuts
     D:5: 260 daAuts
     D:4: 209 daAuts
